 Dungeon Crawl Stone Soup version 0.31.0-9-g3a7656b989 (webtiles) character file.

Game seed: 14553380189246359009

64 Killerpretzel the Sneak (level 3, -1/16 HPs)
             Began as a Felid Air Elementalist on Jan 30, 2024.
             Succumbed to an adder's poison
             ... on level 3 of the Dungeon.
             The game lasted 00:09:53 (2239 turns).

Killerpretzel the Sneak (Felid Air Elementalist)    Turns: 2239, Time: 00:09:54

Health: -1/16      AC:  1    Str:  4    XL:     3   Next: 91%
Magic:  0/7        EV: 18    Int: 20    God:
Gold:   40         SH:  0    Dex: 16    Spells: 3/6 levels left
                                        Lives:  0   Deaths: 1

rFire   . . .        (weapon unavailable)
rCold   . . .        (shield unavailable)
rNeg    . . .        (body armour unavailable)
rPois   .            (helmet unavailable)
rElec   .            (cloak unavailable)
rCorr   .            (gloves unavailable)
SInv    +            (boots unavailable)
Will    .....        (no amulet)
Stlth   ++           (no ring)
HPRegen 0.22/turn    (no ring)
MPRegen 0.10/turn

%: no passive effects
@: lethally poisoned (-1 -> -7)
A: very small, claws 1, fangs 3, see invisible, shaggy fur 1, stealthy paws, no
weapons or thrown items, no armour, multi-lived
a: no special abilities


You were on level 3 of the Dungeon.
You visited 1 branch of the dungeon, and saw 3 of its levels.

You collected 40 gold pieces.

Inventory:

Scrolls
 d - a scroll of blinking {unknown}
 e - 4 scrolls of identify
 g - 2 scrolls of noise
 i - a scroll of immolation {unknown}
 k - a scroll of enchant armour {unknown}
Potions
 a - a potion of magic
 b - 2 potions of lignification {unknown}
 c - a potion of curing {unknown}
 f - 2 potions of might {unknown}
 h - a potion of haste {unknown}
 j - a potion of resistance {unknown}


   Skills:
 + Level 3.4 Dodging
 + Level 3.4 Stealth
 + Level 2.3 Spellcasting
 + Level 1.5 Conjurations
 * Level 3.3 Air Magic


You had 3 spell levels left.
You knew the following spells:

 Your Spells              Type           Power      Damage    Failure   Level
a - Shock                 Conj/Air       48%        1d6       5%          1
b - Static Discharge      Conj/Air       24%        3-4/arc   9%          2

Your spell library contained the following spells:

 Spells                   Type           Power      Damage    Failure   Level
 Swiftness                Air            15%        N/A       12%         3
 Ensorcelled Hibernation  Hex/Ice        4%         N/A       22%         2
 Frozen Ramparts          Ice            4%         1d1       41%         3
 Passwall                 Erth           2%         N/A       41%         3
 Airstrike                Air            7%         2d(2-18)  36%         4
 Leda's Liquefaction      Alch/Erth      1%         N/A       83%         4
 Petrify                  Alch/Erth      2%         N/A       83%         4
 Metabolic Englaciation   Hex/Ice        1%         N/A       99%         5


Dungeon Overview and Level Annotations

Branches:
Dungeon (3/15)

Altars:

Annotations:
D:2 Robin


Innate Abilities, Weirdness & Mutations

You have sharp claws.
You have razor-sharp teeth.
You have supernaturally acute eyesight. (SInv)
You are covered in fur. (AC +1)
Your paws help you pounce on unaware monsters.
You are incapable of wielding weapons or throwing items.
You cannot wear armour.
You gain extra lives every three experience levels.


Message History

You feel sick. The adder closely misses you.
An adder is nearby!
You are too injured to fight recklessly!
An adder is nearby!
You are too injured to fight recklessly!
An adder is nearby!
You are too injured to fight recklessly!
An adder is nearby!
You miss the adder.
The adder is heavily wounded.
You feel sick. The adder misses you.
You closely miss the adder. Your bite misses the adder.
The adder is heavily wounded.
You feel sick. The adder barely misses you. x2
Casting: Shock (safe; 5% risk of failure)
Confirm with . or Enter, or press ? or * to list all spells.
Aiming: Shock (safe; 5% risk of failure)
Press: ? - help, Shift-Dir - straight line, f/p - adder
Aim: an adder (heavily wounded, 48% to hit)
The zap hits the adder.
The adder is severely wounded.
You feel sick. The adder misses you.
You barely miss the adder.
The adder is severely wounded.
You feel sick. The adder misses you.
You scratch the adder but do no damage.
The adder is severely wounded.
You feel sick.
You are no longer poisoned.
The adder closely misses you.
You scratch the adder. Your claw misses the adder.
The adder is severely wounded.
The adder bites you.
* * * LOW HITPOINT WARNING * * *
You are lethally poisoned!
The adder poisons you! The adder bites you.
* * * LOW HITPOINT WARNING * * *
You closely miss the adder.
The adder is severely wounded.
You die...

.# .#.# .# .... ##
..# †.... .+...#
.....########.#...#
...).............>#
.........#........#
.........#.S@.....#
[.......)†..#.......
###.....##..#..##.#.
########........# .
#.##.###.#).
#.##.#.....#
#.##........
#...<....###
#######........


You could see an adder.

Vanquished Creatures
  An adder (D:2)
  3 dart slugs
  An orc (D:3)
  3 endoplasms
  4 giant cockroaches
  11 goblins
  2 hobgoblins
  4 jackals (D:1)
  A quokka (D:3)
  4 ball pythons
  2 frilled lizards
  4 kobolds
  5 rats
45 creatures vanquished.

Notes
Turn   | Place    | Note
-------+----------+-------------------------------------------
     0 | D:1      | Killerpretzel the Felid Air Elementalist began the quest
                  | for the Orb.
     0 | D:1      | Reached XP level 1. HP: 9/9 MP: 4/4
   147 | D:1      | Reached skill level 1 in Conjurations
   230 | D:1      | Reached XP level 2. HP: 13/13 MP: 1/6
  1243 | D:2      | Reached XP level 3. HP: 16/16 MP: 1/7
  1553 | D:2      | Noticed Robin
  1628 | D:2      | Slain by a goblin
  1628 | D:2      | Lost a life (0 lives remaining)
  1681 | D:2      | Learned a level 2 spell: Static Discharge
  2239 | D:3      | Succumbed to an adder's poison

Illustrated notes

Levels and vault maps discovered:
D:1:      kilobyte_arrival_exit_the_forest, layout_loops_ring,
          minmay_tiny_reverse_x
D:2:      layout_basic, uniq_robin
D:3:      cheibrodos_pilgrimage, layout_basic, bloody_makhleb,
          basic_ecumenical_altar, uniq_ijyb

Skill      XL: |  1  2 |
---------------+-------+-----
Conjurations   | 1 |  1.5
Dodging        | 3 |  3.4
Stealth        | 3 |  3.4
Air Magic      | 3 |  3.3
Spellcasting   | |  2.3

Action                     || total
---------------------------++-------
  Melee: Unarmed           ||    58
         Bite              ||     3
   Cast: Shock             ||   102
    Use: Scroll            ||     2
 Armour: Skin              ||    25
  Dodge: Dodged            ||    81
